 Dungeon Crawl Stone Soup version 0.29.0-15-g675c0067aa (webtiles) character file.

Game seed: 3798739519745535908

101526 qw the Warrior (level 15, -10/223 HPs)
             Began as a Minotaur Berserker on Sept 12, 2022.
             Was a High Priest of Trog.
             Mangled by an orc knight
             ... wielding a +3 vorpal bardiche
              (29 damage)
             ... on level 2 of the Orcish Mines.
             The game lasted 00:10:00 (31436 turns).

qw the Warrior (Minotaur Berserker)                Turns: 31436, Time: 00:10:01

Health: -10/223    AC: 39    Str: 31    XL:     15   Next: 83%
Magic:  14/14      EV:  7    Int:  4    God:    Trog [*****.]
Gold:   1407       SH: 23    Dex: 14    Spells: 14/14 levels left

rFire   . . .      SeeInvis +   p - +5 broad axe (elec)
rCold   . . .      Faith    .   w - +2 tower shield {rPois}
rNeg    . . .      Spirit   .   d - +5 crystal plate armour
rPois   +          Reflect  +   (helmet unavailable)
rElec   .          Harm     .   t - +0 cloak
rCorr   .          Rampage  +   u - +1 pair of gloves of Wyppeuju {Rampage Str+3 Dex+3}
Will    +....                   f - +0 pair of boots
Stlth   ..........              s - amulet of reflection
HPRegen 0.47/turn               c - ring of see invisible
MPRegen 0.14/turn               q - +4 ring of protection

@: berserking, very quick
A: horns 3, retaliatory headbutt, mutation resistance 1
a: Renounce Religion, Berserk, Trog's Hand, Brothers in Arms


You were on level 2 of the Orcish Mines.
You worshipped Trog.
Trog was extremely pleased with you.
You visited 3 branches of the dungeon, and saw 22 of its levels.

You collected 2595 gold pieces.
You spent 1188 gold pieces at shops.


Innate Abilities, Weirdness & Mutations

You have a pair of large horns on your head.
You reflexively headbutt those who attack you in melee.
You are somewhat resistant to further mutation.


   Skills:
 - Level 18.0 Fighting
 - Level 18.0 Axes
 - Level 11.4 Throwing
 - Level 15.8 Armour
 - Level 7.0 Dodging
 + Level 9.8 Shields


You had 14 spell levels left.
You didn't know any spells.
Your spell library was empty.

Inventory:

Hand Weapons
 b - a +0 morningstar
 p - a +5 broad axe of electrocution (weapon)
Missiles
 l - 15 boomerangs (quivered)
Armour
 d - a +5 crystal plate armour (worn)
 f - a +0 pair of boots (worn)
 t - a +0 cloak (worn)
 u - the +1 pair of gloves of Wyppeuju (worn) {Rampage Str+3 Dex+3}
   (You found it on level 13 of the Dungeon)

   Str:       It affects your strength (+3).
   Dex:       It affects your dexterity (+3).
   Rampage:   It bestows one free step when moving towards enemies.
 w - a +2 tower shield of poison resistance (worn)
Jewellery
 c - a ring of see invisible (left hand)
 j - a +4 ring of slaying {mikee}
 k - a ring of fire
 q - a +4 ring of protection (right hand)
 s - an amulet of reflection (around neck)
Scrolls
 e - 3 scrolls of teleportation
 n - 12 scrolls of identify
Potions
 a - 9 potions of might
 h - 5 potions of haste
 i - 4 potions of mutation
 m - a potion of cancellation
 o - a potion of resistance
 r - 3 potions of heal wounds
 v - 4 potions of curing

Dungeon Overview and Level Annotations

Branches:
Dungeon (15/15)            Temple (0/1) D:5            Lair (5/5) D:9
  Swamp (0/4) Lair:3        Snake (0/4) Lair:2        Slime (0/5) Lair:4
    Orc (2/2) D:12            Elf (0/3) Orc:2        Vaults (0/5) D:14
 Depths (0/4) D:15

Altars:
Gozag
Okawaru
Qazlal
Ru
Uskayaw
Vehumet
Jiyva

Shops:
D:2 (   D:7 (   D:9 *   D:11 (=   Orc:1 =

Portals:
Gauntlet: Orc:2

Annotations:
D:4 3 runed translucent doors, qw's ghost, weakling GrDe
D:5 3 runed translucent doors, qw's ghost, novice MiBe; qw's ghost, weakling GrDe
D:13 1 runed translucent door, Kokhlaf's ghost, journeyman DECj
D:15 3 runed translucent doors, qw's ghost, adept GrFi
Lair:4 2 transporters


Message History

The orc knight roars a battlecry!
You block the orc warrior's attack.
The orc priest hits you but does no damage. x2
You hear a shout!
You slice the orc priest!!
You kill the orc priest!
Trog accepts your kill.
You slice the orc priest!!
You kill the orc priest!
Trog accepts your kill. You block the orc knight's attack.
An orc comes into view. It is wielding a +0 hand axe.
You block the orc warrior's attack.
You rampage towards the orc knight!
You slash the orc knight!
The orc knight is moderately wounded.
You slash the orc high priest!
Lightning courses through the orc high priest!
You slice the orc high priest!!
Lightning courses through the orc high priest!
You kill the orc high priest!
Trog accepts your kill.
The chaos spawn degenerates into a cloud of primal chaos!
You slash the orc knight!
Lightning courses through the orc knight!
You block the orc knight's attack. You block the orc warrior's attack.
You slash the orc knight!
The orc knight is severely wounded.
You hit the orc knight. You slice the orc!! Lightning courses through the orc!
You kill the orc!
Trog accepts your kill.
The orc knight hits you with a +3 vorpal bardiche!!
You block the orc warrior's attack. You block the orc knight's attack.
You closely miss the orc knight.
The orc knight is severely wounded.
You slash the orc knight! You barely miss the orc knight.
The orc knight is severely wounded.
You slash the orc knight!
The orc knight hits you with a +3 vorpal bardiche!!
You die...

### . ..## #........
......## #.#......
........##....... ##
........#.....###.###
.#.#.#.#.#...........#
......o...........\...
...o..o@)..)))))...#
......))...)))....#
.#.#.#o#)#.#))...## .
.......#........#$..
........##.......#....
......## #............
....## #...........#
### #............
####....#....#


You could see 2 orc knights, an orc warrior (strong) and an orc (strong).

Vanquished Creatures
  A tengu reaver (D:15)
  8 boulder beetles
  3 catoblepae (Lair:5)
  3 hydras
  3 vault guards (D:14)
  An ogre mage (D:15)
  4 centaur warriors
  2 death knights
  10 two-headed ogres
  A tengu warrior (D:12)
  10 death yaks (Lair:5)
  An orc high priest (Orc:2)
  A skeletal warrior (D:15)
  A wizard (D:15)
  A sea snake (shapeshifter) (D:15)
  A phantasmal warrior (D:15)
  A necromancer (D:15)
  An oklob plant (Lair:3)
  2 orc knights (Orc:2)
  An orc sorcerer (Orc:1)
  4 deep elf pyromancers
  6 cyclopes
  4 manticores
  11 ugly things
  A naga mage (D:15)
  10 elephants
  6 black mambas
  13 cane toads
  2 gargoyles
  3 unseen horrors
  A centaur skeleton (D:15)
  3 rime drakes
  4 tengu conjurers
  An efreet (D:14)
  5 komodo dragons
  4 yaktaurs (D:15)
  3 trolls
  5 polar bears
  A troll (shapeshifter) (D:14)
  A tyrant leech (Lair:3)
  A hornet (D:11)
  7 slime creatures
  12 dream sheep
  35 blink frogs
  A centaur simulacrum (D:15)
  2 vampires
  3 shadows
  5 wyverns
  8 humans (D:14)
  45 yaks
  A steam dragon (D:9)
  4 wraiths
  6 basilisks
  18 vampire mosquitoes
  3 nagas (Lair:2)
  A swamp worm (Lair:3)
  3 acid dragons
  Duvessa (D:6)
  20 water moccasins
  4 ice beasts
  2 black bears
  14 orc warriors
  5 boggarts
  4 ogres
  18 wolves
  14 centaurs
  A phantom (D:5)
  5 kobold brigands
  11 bullfrogs
  9 necrophages
  2 scorpions
  Dowan (D:6)
  3 electric eels
  5 howler monkeys
  A lava snake (D:10)
  2 hounds (D:5)
  A jelly (D:8)
  A gnoll bouda (D:4)
  21 orc priests
  5 iguanas
  A boggart zombie (D:15)
  13 orc wizards
  A boggart skeleton (D:15)
  4 gnolls (D:4)
  8 adders
  2 white imps
  2 worms (D:3)
  63 orcs
  8 ball pythons
  6 bats
  8 endoplasms
  5 giant cockroaches
  7 goblins
  4 hobgoblins
  36 kobolds
  3 quokkas
  3 frilled lizards
  5 rats
628 creatures vanquished.

Vanquished Creatures (collateral kills)
  A boulder beetle (D:14)
  4 hydras
  A skeletal warrior (D:15)
  An orc sorcerer (D:15)
  An ugly thing (D:12)
  A blink frog (Lair:3)
  A meliai zombie (D:15)
  A yak (Lair:5)
11 creatures vanquished.

Vanquished Creatures (others)
  A human (D:14)
  2 fire vortices (Lair:1)
  22 fungi
  43 plants
  6 withered plants (D:5)
74 creatures vanquished.

Grand Total: 713 creatures vanquished

Notes
Turn   | Place    | Note
-------+----------+-------------------------------------------
     0 | D:1      | qw the Minotaur Berserker began the quest for the Orb.
     0 | D:1      | Reached XP level 1. HP: 19/19 MP: 0/0
     0 | D:1      | 0 ||| qw: Version: 0.1-a-119-g272c26d
     0 | D:1      | 0 ||| qw: Game counter: 11023
     0 | D:1      | 0 ||| qw: Always use a shield: true
     0 | D:1      | 0 ||| qw: Do Orc after D:15 true
     0 | D:1      | 0 ||| qw: Do second Lair branch before Depths: true
     0 | D:1      | 0 ||| qw: Lair rune preference: random
     0 | D:1      | 0 ||| qw: Plans: Normal
     0 | D:1      | 0 ||| PLANNING D:1-11
    62 | D:1      | 62 ||| DROPPING +0 club.
    98 | D:1      | 98 ||| Stepping ~*~*~tactically~*~*~ (stealth).
   100 | D:1      | 100 ||| Stepping ~*~*~tactically~*~*~ (stealth).
   313 | D:1      | Reached XP level 2. HP: 24/26 MP: 1/1
   794 | D:1      | 794 ||| UPGRADING to ring of see invisible.
   795 | D:1      | 795 ||| READING scroll labelled YFYESUOHOBB.
   796 | D:1      | 796 ||| READING scroll labelled BUOGOYDOURGH.
   797 | D:1      | 797 ||| READING scroll labelled PUGANIASOM.
   802 | D:1      | 802 ||| READING scroll labelled ORANLO BUZENGE.
  1045 | D:2      | Found Myaxzag's Weapon Boutique.
  1055 | D:2      | 1055 ||| INVOKING Berserk.
  1056 | D:2      | HP: 9/39 [poisoned by an adder]
  1057 | D:2      | Reached XP level 3. HP: 10/31 MP: 2/2
  1061 | D:2      | HP: 3/31 [poisoned by an adder]
  1160 | D:2      | 1160 ||| FLEEEEING.
  1776 | D:2      | Found a faded altar of an unknown god.
  1986 | D:2      | 1986 ||| UPGRADING to +0 leather armour.
  1996 | D:2      | 1996 ||| DROPPING +0 animal skin.
  1997 | D:2      | 1997 ||| UPGRADING to +0 chain mail.
  2007 | D:2      | 2007 ||| DROPPING +0 leather armour.
  2008 | D:2      | 2008 ||| READING scroll labelled WIRUTAOWOFO.
  2009 | D:2      | 2009 ||| READING scroll labelled VYUQYNE BUES.
  2010 | D:2      | 2010 ||| READING scroll labelled TUKHONW BYSUT.
  2150 | D:2      | 2150 ||| READING 2 scrolls labelled JOGOLA WOATYZO.
  2151 | D:2      | 2151 ||| READING 2 scrolls labelled ETEQIS IJIPLO.
  2152 | D:2      | 2152 ||| DRINKING 2 murky black potions.
  2152 | D:2      | Gained mutation: You have a pair of large horns on your
                  | head. [potion of mutation]
  2152 | D:2      | Gained mutation: You are somewhat resistant to further
                  | mutation. [potion of mutation]
  2185 | D:3      | 2185 ||| STAIRDANCE
  2208 | D:3      | 2208 ||| INVOKING Berserk.
  2211 | D:3      | Reached skill level 6 in Axes
  2211 | D:3      | Reached XP level 4. HP: 39/39 MP: 3/3
  2443 | D:3      | Reached ** piety under Trog
  2467 | D:3      | 2467 ||| INVOKING Berserk.
  2474 | D:3      | Reached XP level 5. HP: 23/45 MP: 4/4
  2692 | D:3      | 2692 ||| DROPPING +0 whip.
  3213 | D:3      | 3213 ||| DROPPING orb of mayhem.
  3214 | D:3      | 3214 ||| READING scroll labelled RIMPIAV BETHIE.
  3215 | D:3      | 3215 ||| READING scroll labelled OCSEOKHL SINE.
  3216 | D:3      | 3216 ||| READING scroll labelled BOBEZE AMER.
  3317 | D:3      | 3317 ||| DRINKING 2 bubbling brown potions.
  3318 | D:3      | 3318 ||| DRINKING 2 glowing dark potions.
  3319 | D:3      | 3319 ||| READING 3 scrolls of identify.
  3319 | D:3      | 3319 ||| IDENTIFYING blue potion
  3320 | D:3      | 3320 ||| READING 2 scrolls of identify.
  3320 | D:3      | 3320 ||| IDENTIFYING inky potion
  3321 | D:3      | 3321 ||| DROPPING potion of degeneration.
  3422 | D:4      | 3422 ||| FLEEEEING.
  3423 | D:4      | 3423 ||| FLEEEEING.
  3424 | D:4      | 3424 ||| FLEEEEING.
  3425 | D:4      | 3425 ||| FLEEEEING.
  3426 | D:4      | 3426 ||| FLEEEEING.
  3427 | D:4      | 3427 ||| FLEEEEING.
  3428 | D:4      | 3428 ||| FLEEEEING.
  3429 | D:4      | 3429 ||| FLEEEEING.
  3430 | D:4      | 3430 ||| FLEEEEING.
  3432 | D:4      | 3432 ||| FLEEEEING.
  3433 | D:4      | 3433 ||| FLEEEEING.
  3434 | D:4      | 3434 ||| FLEEEEING.
  3435 | D:4      | 3435 ||| FLEEEEING.
  3436 | D:4      | 3436 ||| FLEEEEING.
  3437 | D:4      | 3437 ||| FLEEEEING.
  3438 | D:4      | 3438 ||| FLEEEEING.
  3441 | D:4      | 3441 ||| FLEEEEING.
  3442 | D:4      | 3442 ||| FLEEEEING.
  3443 | D:4      | 3443 ||| FLEEEEING.
  3444 | D:4      | 3444 ||| FLEEEEING.
  3445 | D:4      | 3445 ||| FLEEEEING.
  3446 | D:4      | 3446 ||| FLEEEEING.
  3447 | D:4      | 3447 ||| FLEEEEING.
  3448 | D:4      | 3448 ||| FLEEEEING.
  3449 | D:4      | 3449 ||| FLEEEEING.
  3450 | D:4      | 3450 ||| STAIRDANCE
  3534 | D:3      | 3534 ||| READING 3 scrolls of identify.
  3534 | D:3      | 3534 ||| IDENTIFYING coppery potion
  3535 | D:3      | 3535 ||| READING 2 scrolls of identify.
  3535 | D:3      | 3535 ||| IDENTIFYING murky silvery potion
  3649 | D:4      | Found a runed translucent gate.
  3649 | D:4      | Found a runed translucent gate.
  3649 | D:4      | Found a runed translucent gate.
  3652 | D:4      | Noticed qw's ghost (weakling GrDe)
  3776 | D:4      | 3776 ||| INVOKING Berserk.
  3788 | D:4      | Reached XP level 6. HP: 52/52 MP: 5/5
  3998 | D:4      | Found a stormy altar of Qazlal.
  4087 | D:4      | 4087 ||| DRINKING 2 cyan potions.
  4088 | D:4      | 4088 ||| READING 2 scrolls of identify.
  4088 | D:4      | 4088 ||| IDENTIFYING fizzy golden potion
  4089 | D:4      | 4089 ||| DROPPING potion of brilliance.
  4090 | D:4      | 4090 ||| DROPPING potion of berserk rage.
  4110 | D:5      | Entered Level 5 of the Dungeon
  4219 | D:5      | 4219 ||| FLEEEEING.
  4237 | D:5      | Reached *** piety under Trog
  4243 | D:5      | 4243 ||| FLEEEEING.
  4244 | D:5      | 4244 ||| FLEEEEING.
  4245 | D:5      | 4245 ||| FLEEEEING.
  4246 | D:5      | 4246 ||| FLEEEEING.
  4247 | D:5      | 4247 ||| FLEEEEING.
  4248 | D:5      | 4248 ||| FLEEEEING.
  4249 | D:5      | 4249 ||| FLEEEEING.
  4250 | D:5      | 4250 ||| FLEEEEING.
  4252 | D:5      | 4252 ||| FLEEEEING.
  4253 | D:5      | 4253 ||| FLEEEEING.
  4254 | D:5      | 4254 ||| FLEEEEING.
  4256 | D:5      | 4256 ||| FLEEEEING.
  4257 | D:5      | 4257 ||| FLEEEEING.
  4258 | D:5      | 4258 ||| FLEEEEING.
  4259 | D:5      | 4259 ||| FLEEEEING.
  4260 | D:5      | 4260 ||| FLEEEEING.
  4261 | D:5      | 4261 ||| FLEEEEING.
  4262 | D:5      | 4262 ||| FLEEEEING.
  4263 | D:5      | 4263 ||| FLEEEEING.
  4264 | D:5      | 4264 ||| FLEEEEING.
  4265 | D:5      | 4265 ||| FLEEEEING.
  4266 | D:5      | 4266 ||| FLEEEEING.
  4267 | D:5      | 4267 ||| FLEEEEING.
  4268 | D:5      | 4268 ||| FLEEEEING.
  4269 | D:5      | 4269 ||| FLEEEEING.
  4270 | D:5      | 4270 ||| FLEEEEING.
  4271 | D:5      | 4271 ||| FLEEEEING.
  4273 | D:5      | 4273 ||| FLEEEEING.
  4274 | D:5      | 4274 ||| FLEEEEING.
  4275 | D:5      | 4275 ||| FLEEEEING.
  4276 | D:5      | 4276 ||| FLEEEEING.
  4277 | D:5      | 4277 ||| FLEEEEING.
  4278 | D:5      | 4278 ||| FLEEEEING.
  4279 | D:5      | 4279 ||| FLEEEEING.
  4280 | D:5      | 4280 ||| FLEEEEING.
  4282 | D:5      | 4282 ||| FLEEEEING.
  4283 | D:5      | 4283 ||| FLEEEEING.
  4284 | D:5      | 4284 ||| FLEEEEING.
  4285 | D:5      | 4285 ||| FLEEEEING.
  4286 | D:5      | 4286 ||| FLEEEEING.
  4287 | D:5      | 4287 ||| FLEEEEING.
  4288 | D:5      | 4288 ||| FLEEEEING.
  4290 | D:5      | 4290 ||| FLEEEEING.
  4291 | D:5      | 4291 ||| FLEEEEING.
  4292 | D:5      | 4292 ||| FLEEEEING.
  4293 | D:5      | 4293 ||| FLEEEEING.
  4294 | D:5      | 4294 ||| FLEEEEING.
  4295 | D:5      | 4295 ||| FLEEEEING.
  4297 | D:5      | 4297 ||| FLEEEEING.
  4298 | D:5      | 4298 ||| FLEEEEING.
  4299 | D:5      | 4299 ||| FLEEEEING.
  4301 | D:5      | 4301 ||| FLEEEEING.
  4302 | D:5      | 4302 ||| FLEEEEING.
  4303 | D:5      | 4303 ||| FLEEEEING.
  4304 | D:5      | 4304 ||| STAIRDANCE
  4414 | D:5      | 4414 ||| STAIRDANCE
  4558 | D:5      | Found a runed translucent gate.
  4558 | D:5      | Found a runed translucent gate.
  4560 | D:5      | Found a runed translucent gate.
  4562 | D:5      | Noticed qw's ghost (novice MiBe)
  4562 | D:5      | Noticed qw's ghost (weakling GrDe)
  4627 | D:5      | 4627 ||| INVOKING Berserk.
  4629 | D:5      | Reached skill level 9 in Axes
  4809 | D:5      | 4809 ||| DROPPING +0 flail.
  4849 | D:5      | 4849 ||| INVOKING Berserk.
  4853 | D:5      | Reached XP level 7. HP: 60/60 MP: 6/6
  5446 | D:5      | Found a staircase to the Ecumenical Temple.
  5450 | D:5      | 5450 ||| INVOKING Berserk.
  5665 | D:5      | 5665 ||| READING scroll labelled WUAHEHOZ EBLUP.
  5666 | D:5      | 5666 ||| READING 2 scrolls of identify.
  5666 | D:5      | 5666 ||| IDENTIFYING smoky purple potion
  5667 | D:5      | 5667 ||| DROPPING potion of flight.
  5729 | D:6      | 5729 ||| STAIRDANCE
  5734 | D:5      | Reached skill level 3 in Armour
  5925 | D:6      | 5925 ||| STAIRDANCE
  5936 | D:5      | 5936 ||| INVOKING Berserk.
  6237 | D:6      | 6237 ||| STAIRDANCE
  6395 | D:6      | 6395 ||| STAIRDANCE
  6596 | D:6      | 6596 ||| INVOKING Berserk.
  6600 | D:6      | Reached skill level 6 in Fighting
  6600 | D:6      | Reached XP level 8. HP: 70/70 MP: 7/7
  6646 | D:6      | 6646 ||| Stepping ~*~*~tactically~*~*~ (stealth).
  6649 | D:6      | 6649 ||| Stepping ~*~*~tactically~*~*~ (stealth).
  6652 | D:6      | 6652 ||| Stepping ~*~*~tactically~*~*~ (stealth).
  6656 | D:6      | 6656 ||| Stepping ~*~*~tactically~*~*~ (stealth).
  6657 | D:6      | 6657 ||| Stepping ~*~*~tactically~*~*~ (stealth).
  6660 | D:6      | 6660 ||| Stepping ~*~*~tactically~*~*~ (stealth).
  6662 | D:6      | 6662 ||| Stepping ~*~*~tactically~*~*~ (stealth).
  6693 | D:6      | 6693 ||| Stepping ~*~*~tactically~*~*~ (stealth).
  6766 | D:6      | Noticed Duvessa
  6766 | D:6      | Noticed Dowan
  6767 | D:6      | 6767 ||| Stepping ~*~*~tactically~*~*~ (hiding).
  6770 | D:6      | 6770 ||| Stepping ~*~*~tactically~*~*~ (hiding).
  6772 | D:6      | 6772 ||| INVOKING Berserk.
  6775 | D:6      | Killed Duvessa
  6776 | D:6      | Killed Dowan
  6812 | D:6      | 6812 ||| Stepping ~*~*~tactically~*~*~ (stealth).
  6827 | D:6      | 6827 ||| FLEEEEING.
  6828 | D:6      | 6828 ||| FLEEEEING.
  6829 | D:6      | 6829 ||| FLEEEEING.
  6830 | D:6      | 6830 ||| FLEEEEING.
  6831 | D:6      | 6831 ||| FLEEEEING.
  6832 | D:6      | 6832 ||| FLEEEEING.
  6833 | D:6      | 6833 ||| FLEEEEING.
  6834 | D:6      | 6834 ||| FLEEEEING.
  6835 | D:6      | 6835 ||| FLEEEEING.
  6836 | D:6      | 6836 ||| STAIRDANCE
  6953 | D:5      | 6953 ||| READING scroll labelled QOIPTA TERGHON.
  7013 | D:6      | 7013 ||| STAIRDANCE
  7136 | D:6      | 7136 ||| STAIRDANCE
  7253 | D:6      | 7253 ||| STAIRDANCE
  7410 | D:6      | 7410 ||| INVOKING Berserk.
  7413 | D:6      | Reached skill level 12 in Axes
  7413 | D:6      | 7413 ||| STAIRDANCE
  7746 | D:6      | 7746 ||| Stepping ~*~*~tactically~*~*~ (stealth).
  7748 | D:6      | 7748 ||| Stepping ~*~*~tactically~*~*~ (hiding).
  7912 | D:6      | Identified the +1 robe "Tajing" {Int+5 Dex-2}
  8113 | D:7      | 8113 ||| Stepping ~*~*~tactically~*~*~ (stealth).
  8115 | D:7      | 8115 ||| Stepping ~*~*~tactically~*~*~ (stealth).
  8223 | D:7      | Found Zocymeef's Weapon Shop.
  8265 | D:7      | 8265 ||| Stepping ~*~*~tactically~*~*~ (stealth).
  8273 | D:7      | Reached skill level 1 in Throwing
  8274 | D:7      | 8274 ||| INVOKING Berserk.
  8594 | D:7      | Reached XP level 9. HP: 67/79 MP: 8/8
  8805 | D:7      | 8805 ||| Stepping ~*~*~tactically~*~*~ (hiding).
  8807 | D:7      | 8807 ||| Stepping ~*~*~tactically~*~*~ (hiding).
  9104 | D:7      | 9104 ||| INVOKING Berserk.
  9336 | D:7      | 9336 ||| UPGRADING to +4 ring of protection.
  9337 | D:7      | 9337 ||| READING scroll labelled ZAUXAU CURCHE.
  9338 | D:7      | 9338 ||| READING 2 scrolls of identify.
  9338 | D:7      | 9338 ||| IDENTIFYING metallic ruby potion
  9339 | D:7      | 9339 ||| DROPPING potion of lignification.
  9430 | D:8      | 9430 ||| Stepping ~*~*~tactically~*~*~ (hiding).
  9431 | D:8      | 9431 ||| Stepping ~*~*~tactically~*~*~ (hiding).
  9433 | D:8      | 9433 ||| Stepping ~*~*~tactically~*~*~ (hiding).
  9434 | D:8      | 9434 ||| Stepping ~*~*~tactically~*~*~ (hiding).
  9435 | D:8      | 9435 ||| Stepping ~*~*~tactically~*~*~ (hiding).
  9436 | D:8      | 9436 ||| Stepping ~*~*~tactically~*~*~ (hiding).
  9437 | D:8      | 9437 ||| Stepping ~*~*~tactically~*~*~ (hiding).
  9438 | D:8      | 9438 ||| Stepping ~*~*~tactically~*~*~ (hiding).
  9441 | D:8      | 9441 ||| Stepping ~*~*~tactically~*~*~ (hiding).
  9442 | D:8      | 9442 ||| Stepping ~*~*~tactically~*~*~ (hiding).
  9553 | D:8      | 9553 ||| SWAPPING to +1 war axe of electrocution.
  9554 | D:8      | 9554 ||| DROPPING +1 hand axe.
  9581 | D:8      | Noticed a gargoyle
  9582 | D:8      | Noticed a two-headed ogre
  9594 | D:8      | 9594 ||| Stepping ~*~*~tactically~*~*~ (stealth).
  9677 | D:8      | 9677 ||| FLEEEEING.
  9678 | D:8      | 9678 ||| FLEEEEING.
  9679 | D:8      | 9679 ||| FLEEEEING.
  9680 | D:8      | 9680 ||| FLEEEEING.
  9681 | D:8      | 9681 ||| FLEEEEING.
  9682 | D:8      | 9682 ||| FLEEEEING.
  9683 | D:8      | 9683 ||| FLEEEEING.
  9684 | D:8      | 9684 ||| FLEEEEING.
  9685 | D:8      | 9685 ||| FLEEEEING.
  9686 | D:8      | 9686 ||| FLEEEEING.
  9687 | D:8      | 9687 ||| FLEEEEING.
  9688 | D:8      | 9688 ||| FLEEEEING.
  9694 | D:8      | 9694 ||| FLEEEEING.
  9695 | D:8      | 9695 ||| FLEEEEING.
  9699 | D:8      | 9699 ||| FLEEEEING.
  9700 | D:8      | 9700 ||| FLEEEEING.
  9701 | D:8      | 9701 ||| FLEEEEING.
  9702 | D:8      | 9702 ||| FLEEEEING.
  9707 | D:8      | 9707 ||| FLEEEEING.
  9708 | D:8      | 9708 ||| FLEEEEING.
  9709 | D:8      | 9709 ||| FLEEEEING.
  9710 | D:8      | 9710 ||| FLEEEEING.
  9711 | D:8      | 9711 ||| FLEEEEING.
  9716 | D:8      | 9716 ||| FLEEEEING.
  9717 | D:8      | 9717 ||| FLEEEEING.
  9718 | D:8      | 9718 ||| FLEEEEING.
  9720 | D:8      | 9720 ||| FLEEEEING.
  9721 | D:8      | 9721 ||| FLEEEEING.
  9722 | D:8      | 9722 ||| FLEEEEING.
  9723 | D:8      | 9723 ||| FLEEEEING.
  9724 | D:8      | 9724 ||| FLEEEEING.
  9726 | D:8      | 9726 ||| FLEEEEING.
  9727 | D:8      | 9727 ||| FLEEEEING.
  9729 | D:8      | 9729 ||| STAIRDANCE
  9853 | D:8      | 9853 ||| Stepping ~*~*~tactically~*~*~ (hiding).
  9854 | D:8      | 9854 ||| Stepping ~*~*~tactically~*~*~ (hiding).
  9864 | D:8      | 9864 ||| FLEEEEING.
  9865 | D:8      | 9865 ||| STAIRDANCE
 10014 | D:8      | 10014 ||| INVOKING Berserk.
 10020 | D:8      | 10020 ||| STAIRDANCE
 10176 | D:8      | 10176 ||| INVOKING Berserk.
 10335 | D:8      | 10335 ||| INVOKING Berserk.
 10544 | D:8      | 10544 ||| READING 2 scrolls of identify.
 10544 | D:8      | 10544 ||| IDENTIFYING brown potion
 10545 | D:8      | 10545 ||| DRINKING potion of experience.
 10545 | D:8      | Reached XP level 10. HP: 88/88 MP: 9/9
 10864 | D:9      | 10864 ||| Stepping ~*~*~tactically~*~*~ (hiding).
 11181 | D:9      | Found Xajir's Demolitions Depot.
 11199 | D:9      | 11199 ||| UPGRADING to +0 plate armour.
 11209 | D:9      | 11209 ||| DROPPING +0 chain mail.
 11210 | D:9      | 11210 ||| READING 2 scrolls of enchant armour.
 11210 | D:9      | 11210 ||| ENCHANTING +0 plate armour.
 11211 | D:9      | 11211 ||| READING scroll of enchant armour.
 11211 | D:9      | 11211 ||| ENCHANTING +1 plate armour.
 11212 | D:9      | 11212 ||| READING 5 scrolls of teleportation.
 11365 | D:9      | Reached **** piety under Trog
 11456 | D:9      | 11456 ||| Stepping ~*~*~tactically~*~*~ (hiding).
 11459 | D:9      | 11459 ||| DRINKING 3 potions of cancellation.
 11568 | D:9      | 11568 ||| Stepping ~*~*~tactically~*~*~ (hiding).
 11578 | D:9      | 11578 ||| INVOKING Berserk.
 11615 | D:9      | 11615 ||| Stepping ~*~*~tactically~*~*~ (stealth).
 11627 | D:9      | 11627 ||| FLEEEEING.
 11628 | D:9      | 11628 ||| FLEEEEING.
 11629 | D:9      | 11629 ||| FLEEEEING.
 11630 | D:9      | 11630 ||| FLEEEEING.
 11634 | D:9      | 11634 ||| FLEEEEING.
 11635 | D:9      | 11635 ||| FLEEEEING.
 11636 | D:9      | 11636 ||| FLEEEEING.
 11637 | D:9      | 11637 ||| FLEEEEING.
 11638 | D:9      | 11638 ||| FLEEEEING.
 11639 | D:9      | 11639 ||| FLEEEEING.
 11641 | D:9      | 11641 ||| FLEEEEING.
 11646 | D:9      | 11646 ||| FLEEEEING.
 11647 | D:9      | 11647 ||| FLEEEEING.
 11653 | D:9      | Reached skill level 6 in Armour
 11732 | D:9      | 11732 ||| INVOKING Berserk.
 11861 | D:9      | Found a staircase to the Lair.
 12148 | D:9      | 12148 ||| PLANNING LAIR
 12355 | Lair:1   | Entered Level 1 of the Lair of Beasts
 12381 | Lair:1   | Reached XP level 11. HP: 76/94 MP: 10/10
 12389 | Lair:1   | 12389 ||| Stepping ~*~*~tactically~*~*~ (stealth).
 12439 | Lair:1   | 12439 ||| Stepping ~*~*~tactically~*~*~ (stealth).
 12441 | Lair:1   | 12441 ||| Stepping ~*~*~tactically~*~*~ (stealth).
 12602 | Lair:1   | 12602 ||| Stepping ~*~*~tactically~*~*~ (stealth).
 12611 | Lair:1   | 12611 ||| Stepping ~*~*~tactically~*~*~ (stealth).
 12613 | Lair:1   | 12613 ||| Stepping ~*~*~tactically~*~*~ (stealth).
 12614 | Lair:1   | 12614 ||| INVOKING Berserk.
 12632 | Lair:1   | HP: 21/94 [basilisk (8)]
 12633 | Lair:1   | 12633 ||| READING 4 scrolls of teleportation.
 12634 | Lair:1   | 12634 ||| DRINKING potion of heal wounds.
 12768 | Lair:1   | 12768 ||| Stepping ~*~*~tactically~*~*~ (stealth).
 12776 | Lair:1   | 12776 ||| INVOKING Berserk.
 12791 | Lair:1   | Reached skill level 15 in Axes
 12897 | Lair:1   | 12897 ||| INVOKING Berserk.
 12905 | Lair:1   | Reached skill level 9 in Fighting
 13087 | Lair:1   | 13087 ||| INVOKING Berserk.
 13200 | Lair:1   | 13200 ||| INVOKING Berserk.
 13203 | Lair:1   | Reached skill level 3 in Dodging
 13328 | Lair:1   | 13328 ||| Stepping ~*~*~tactically~*~*~ (stealth).
 13515 | Lair:1   | 13515 ||| INVOKING Berserk.
 13652 | Lair:1   | 13652 ||| Stepping ~*~*~tactically~*~*~ (hiding).
 13653 | Lair:1   | 13653 ||| Stepping ~*~*~tactically~*~*~ (hiding).
 13824 | Lair:1   | 13824 ||| READING scroll of enchant weapon.
 13824 | Lair:1   | 13824 ||| ENCHANTING +1 war axe of electrocution.
 14291 | Lair:2   | 14291 ||| INVOKING Berserk.
 14306 | Lair:2   | 14306 ||| FLEEEEING.
 14307 | Lair:2   | 14307 ||| FLEEEEING.
 14308 | Lair:2   | 14308 ||| STAIRDANCE
 14412 | Lair:2   | 14412 ||| INVOKING Berserk.
 14417 | Lair:2   | 14417 ||| STAIRDANCE
 14466 | Lair:2   | 14466 ||| Stepping ~*~*~tactically~*~*~ (stealth).
 14473 | Lair:2   | 14473 ||| INVOKING Berserk.
 14650 | Lair:2   | 14650 ||| INVOKING Berserk.
 14694 | Lair:2   | 14694 ||| FLEEEEING.
 14695 | Lair:2   | 14695 ||| FLEEEEING.
 14697 | Lair:2   | 14697 ||| FLEEEEING.
 14698 | Lair:2   | 14698 ||| FLEEEEING.
 14699 | Lair:2   | 14699 ||| FLEEEEING.
 14700 | Lair:2   | 14700 ||| FLEEEEING.
 14704 | Lair:2   | 14704 ||| INVOKING Berserk.
 14725 | Lair:2   | 14725 ||| Stepping ~*~*~tactically~*~*~ (stealth).
 14730 | Lair:2   | 14730 ||| Stepping ~*~*~tactically~*~*~ (stealth).
 14731 | Lair:2   | 14731 ||| Stepping ~*~*~tactically~*~*~ (stealth).
 14732 | Lair:2   | 14732 ||| Stepping ~*~*~tactically~*~*~ (stealth).
 14881 | Lair:2   | 14881 ||| Stepping ~*~*~tactically~*~*~ (stealth).
 14889 | Lair:2   | 14889 ||| Stepping ~*~*~tactically~*~*~ (stealth).
 14890 | Lair:2   | 14890 ||| Stepping ~*~*~tactically~*~*~ (stealth).
 14893 | Lair:2   | 14893 ||| Stepping ~*~*~tactically~*~*~ (stealth).
 14894 | Lair:2   | 14894 ||| Stepping ~*~*~tactically~*~*~ (stealth).
 14895 | Lair:2   | 14895 ||| Stepping ~*~*~tactically~*~*~ (stealth).
 14925 | Lair:2   | Reached XP level 12. HP: 67/106 MP: 11/11
 15187 | Lair:2   | 15187 ||| INVOKING Berserk.
 15302 | Lair:2   | 15302 ||| Stepping ~*~*~tactically~*~*~ (stealth).
 15466 | Lair:2   | Found a staircase to the Snake Pit.
 16028 | Lair:2   | 16028 ||| Stepping ~*~*~tactically~*~*~ (stealth).
 16038 | Lair:2   | 16038 ||| Stepping ~*~*~tactically~*~*~ (stealth).
 16039 | Lair:2   | 16039 ||| Stepping ~*~*~tactically~*~*~ (stealth).
 16040 | Lair:2   | 16040 ||| Stepping ~*~*~tactically~*~*~ (stealth).
 16140 | Lair:2   | 16140 ||| DROPPING ring of magical power.
 16141 | Lair:2   | 16141 ||| DRINKING 2 amethyst potions.
 16142 | Lair:2   | 16142 ||| DROPPING potion of attraction.
 16156 | Lair:3   | 16156 ||| Stepping ~*~*~tactically~*~*~ (stealth).
 16163 | Lair:3   | 16163 ||| Stepping ~*~*~tactically~*~*~ (stealth).
 16217 | Lair:3   | 16217 ||| INVOKING Berserk.
 16312 | Lair:3   | Reached skill level 9 in Armour
 16312 | Lair:3   | 16312 ||| Stepping ~*~*~tactically~*~*~ (stealth).
 16435 | Lair:3   | 16435 ||| Stepping ~*~*~tactically~*~*~ (stealth).
 16490 | Lair:3   | 16490 ||| READING scroll of enchant armour.
 16490 | Lair:3   | 16490 ||| ENCHANTING +2 plate armour.
 16510 | Lair:3   | Reached skill level 12 in Fighting
 16512 | Lair:3   | 16512 ||| Stepping ~*~*~tactically~*~*~ (stealth).
 16528 | Lair:3   | 16528 ||| Stepping ~*~*~tactically~*~*~ (stealth).
 16530 | Lair:3   | 16530 ||| Stepping ~*~*~tactically~*~*~ (stealth).
 16573 | Lair:3   | Noticed a five-headed hydra
 16574 | Lair:3   | 16574 ||| Stepping ~*~*~tactically~*~*~ (stealth).
 16575 | Lair:3   | 16575 ||| INVOKING Brothers in Arms.
 16578 | Lair:3   | 16578 ||| SWAPPING to +0 morningstar.
 16578 | Lair:3   | Killed a five-headed hydra
 16579 | Lair:3   | 16579 ||| SWAPPING to +2 war axe of electrocution.
 16600 | Lair:3   | 16600 ||| INVOKING Berserk.
 16622 | Lair:3   | 16622 ||| Stepping ~*~*~tactically~*~*~ (hiding).
 16956 | Lair:3   | Noticed a five-headed hydra
 16957 | Lair:3   | 16957 ||| INVOKING Brothers in Arms.
 16958 | Lair:3   | 16958 ||| SWAPPING to +0 morningstar.
 16959 | Lair:3   | 16959 ||| INVOKING Berserk.
 16961 | Lair:3   | Killed a five-headed hydra
 16964 | Lair:3   | Noticed a five-headed hydra
 16967 | Lair:3   | Killed a five-headed hydra
 16968 | Lair:3   | 16968 ||| SWAPPING to +2 war axe of electrocution.
 17014 | Lair:3   | 17014 ||| FLEEEEING.
 17043 | Lair:3   | 17043 ||| Stepping ~*~*~tactically~*~*~ (stealth).
 17053 | Lair:3   | Found a staircase to the Swamp.
 17224 | Lair:3   | 17224 ||| INVOKING Berserk.
 17650 | Lair:4   | 17650 ||| STAIRDANCE
 17651 | Lair:4   | 17651 ||| STAIRDANCE
 17653 | Lair:3   | 17653 ||| INVOKING Berserk.
 17741 | Lair:4   | Reached XP level 13. HP: 107/122 MP: 12/12
 17746 | Lair:4   | 17746 ||| STAIRDANCE
 17793 | Lair:4   | Found a transporter.
 17795 | Lair:4   | Found a transporter.
 17996 | Lair:4   | Found a viscous altar of Jiyva.
 18003 | Lair:4   | 18003 ||| READING scroll of enchant armour.
 18003 | Lair:4   | 18003 ||| ENCHANTING +3 plate armour.
 18007 | Lair:4   | Found a staircase to the Slime Pits.
 18023 | Lair:4   | 18023 ||| INVOKING Berserk.
 18189 | Lair:4   | 18189 ||| INVOKING Berserk.
 18312 | Lair:4   | Identified the +6 rapier of Xuda {vorpal, rElec}
 18367 | Lair:4   | 18367 ||| INVOKING Berserk.
 18682 | Lair:4   | 18682 ||| Stepping ~*~*~tactically~*~*~ (stealth).
 18685 | Lair:4   | 18685 ||| INVOKING Berserk.
 18696 | Lair:4   | Reached skill level 6 in Dodging
 18728 | Lair:4   | 18728 ||| Stepping ~*~*~tactically~*~*~ (stealth).
 18976 | Lair:4   | 18976 ||| Stepping ~*~*~tactically~*~*~ (stealth).
 18982 | Lair:4   | 18982 ||| INVOKING Berserk.
 19444 | Lair:4   | 19444 ||| DRINKING 2 fizzy cyan potions.
 19545 | Lair:4   | 19545 ||| DROPPING potion of ambrosia.
 19569 | Lair:5   | Entered Level 5 of the Lair of Beasts
 19570 | Lair:5   | 19570 ||| STAIRDANCE
 19572 | Lair:4   | 19572 ||| INVOKING Berserk.
 19680 | Lair:5   | 19680 ||| STAIRDANCE
 19682 | Lair:4   | 19682 ||| INVOKING Berserk.
 19795 | Lair:5   | 19795 ||| INVOKING Berserk.
 19805 | Lair:5   | 19805 ||| FLEEEEING.
 19806 | Lair:5   | 19806 ||| STAIRDANCE
 19922 | Lair:5   | 19922 ||| INVOKING Berserk.
 20046 | Lair:5   | 20046 ||| Stepping ~*~*~tactically~*~*~ (hiding).
 20079 | Lair:5   | 20079 ||| Stepping ~*~*~tactically~*~*~ (stealth).
 20125 | Lair:5   | 20125 ||| FLEEEEING.
 20127 | Lair:5   | 20127 ||| FLEEEEING.
 20128 | Lair:5   | 20128 ||| FLEEEEING.
 20129 | Lair:5   | 20129 ||| FLEEEEING.
 20130 | Lair:5   | 20130 ||| FLEEEEING.
 20131 | Lair:5   | 20131 ||| FLEEEEING.
 20132 | Lair:5   | 20132 ||| FLEEEEING.
 20133 | Lair:5   | 20133 ||| FLEEEEING.
 20135 | Lair:5   | 20135 ||| FLEEEEING.
 20136 | Lair:5   | 20136 ||| FLEEEEING.
 20137 | Lair:5   | 20137 ||| FLEEEEING.
 20138 | Lair:5   | 20138 ||| FLEEEEING.
 20139 | Lair:5   | 20139 ||| FLEEEEING.
 20140 | Lair:5   | 20140 ||| FLEEEEING.
 20141 | Lair:5   | 20141 ||| FLEEEEING.
 20142 | Lair:5   | 20142 ||| FLEEEEING.
 20143 | Lair:5   | 20143 ||| STAIRDANCE
 20194 | Lair:5   | Reached skill level 15 in Fighting
 20206 | Lair:5   | 20206 ||| Stepping ~*~*~tactically~*~*~ (stealth).
 20230 | Lair:5   | 20230 ||| Stepping ~*~*~tactically~*~*~ (stealth).
 20231 | Lair:5   | 20231 ||| Stepping ~*~*~tactically~*~*~ (stealth).
 20232 | Lair:5   | 20232 ||| Stepping ~*~*~tactically~*~*~ (stealth).
 20238 | Lair:5   | 20238 ||| Stepping ~*~*~tactically~*~*~ (stealth).
 20239 | Lair:5   | 20239 ||| Stepping ~*~*~tactically~*~*~ (stealth).
 20320 | Lair:5   | 20320 ||| INVOKING Berserk.
 20436 | Lair:5   | 20436 ||| INVOKING Berserk.
 20450 | Lair:5   | Reached skill level 12 in Armour
 20451 | Lair:5   | 20451 ||| Stepping ~*~*~tactically~*~*~ (cloud).
 20551 | Lair:5   | 20551 ||| Stepping ~*~*~tactically~*~*~ (stealth).
 20556 | Lair:5   | 20556 ||| INVOKING Berserk.
 20675 | Lair:5   | 20675 ||| Stepping ~*~*~tactically~*~*~ (stealth).
 20678 | Lair:5   | 20678 ||| INVOKING Berserk.
 20822 | Lair:5   | 20822 ||| Stepping ~*~*~tactically~*~*~ (stealth).
 20824 | Lair:5   | 20824 ||| INVOKING Berserk.
 20844 | Lair:5   | 20844 ||| Stepping ~*~*~tactically~*~*~ (stealth).
 20866 | Lair:5   | HP: 32/128 [death yak (3)]
 20867 | Lair:5   | 20867 ||| READING 3 scrolls of teleportation.
 20868 | Lair:5   | 20868 ||| DRINKING potion of heal wounds.
 20871 | Lair:5   | HP: 20/128 [yak (11)]
 20872 | Lair:5   | 20872 ||| INVOKING Berserk.
 20876 | Lair:5   | HP: 19/192 [poisoned by a black mamba]
 20879 | Lair:5   | HP: 9/192 [poisoned by a black mamba]
 20882 | Lair:5   | HP: 3/128 [poisoned by a black mamba]
 20883 | Lair:5   | 20883 ||| DRINKING 4 potions of curing.
 20883 | Lair:5   | 20883 ||| (to cure poison)
 21260 | Lair:5   | 21260 ||| INVOKING Brothers in Arms.
 21261 | Lair:5   | 21261 ||| INVOKING Brothers in Arms.
 21263 | Lair:5   | 21263 ||| SWAPPING to +0 morningstar.
 21264 | Lair:5   | 21264 ||| INVOKING Berserk.
 21286 | Lair:5   | 21286 ||| SWAPPING to +2 war axe of electrocution.
 21353 | Lair:5   | 21353 ||| Stepping ~*~*~tactically~*~*~ (stealth).
 21354 | Lair:5   | 21354 ||| Stepping ~*~*~tactically~*~*~ (stealth).
 21355 | Lair:5   | 21355 ||| INVOKING Berserk.
 21358 | Lair:5   | Reached XP level 14. HP: 132/137 MP: 13/13
 21811 | Lair:5   | 21811 ||| Stepping ~*~*~tactically~*~*~ (stealth).
 21812 | Lair:5   | 21812 ||| Stepping ~*~*~tactically~*~*~ (stealth).
 21823 | Lair:5   | 21823 ||| INVOKING Berserk.
 21954 | Lair:5   | 21954 ||| Stepping ~*~*~tactically~*~*~ (cloud).
 21959 | Lair:5   | 21959 ||| Stepping ~*~*~tactically~*~*~ (hiding).
 21963 | Lair:5   | 21963 ||| INVOKING Berserk.
 22212 | Lair:5   | 22212 ||| INVOKING Berserk.
 22330 | Lair:5   | 22330 ||| INVOKING Berserk.
 22536 | Lair:5   | 22536 ||| PLANNING D:1-11
 22536 | Lair:5   | 22536 ||| UPGRADING to +0 cloak.
 22541 | Lair:5   | 22541 ||| READING scroll labelled JERIAQ XOMUI.
 22542 | Lair:5   | 22542 ||| READING 2 scrolls of identify.
 22542 | Lair:5   | 22542 ||| IDENTIFYING viscous clear potion
 22543 | Lair:5   | 22543 ||| DROPPING potion of magic.
 22727 | D:10     | Entered Level 10 of the Dungeon
 22728 | D:10     | 22728 ||| STAIRDANCE
 22733 | D:10     | 22733 ||| STAIRDANCE
 22779 | D:10     | 22779 ||| Stepping ~*~*~tactically~*~*~ (hiding).
 22839 | D:10     | 22839 ||| INVOKING Brothers in Arms.
 22842 | D:10     | 22842 ||| INVOKING Brothers in Arms.
 22843 | D:10     | 22843 ||| INVOKING Brothers in Arms.
 22844 | D:10     | 22844 ||| INVOKING Brothers in Arms.
 22846 | D:10     | 22846 ||| INVOKING Brothers in Arms.
 22857 | D:10     | 22857 ||| DRINKING 3 potions of curing.
 22857 | D:10     | 22857 ||| (to cure confusion)
 22858 | D:10     | 22858 ||| DRINKING 2 potions of curing.
 22858 | D:10     | 22858 ||| (to cure confusion)
 22864 | D:10     | 22864 ||| DRINKING potion of curing.
 22864 | D:10     | 22864 ||| (to cure confusion)
 22943 | D:10     | 22943 ||| Stepping ~*~*~tactically~*~*~ (stealth).
 22946 | D:10     | 22946 ||| Stepping ~*~*~tactically~*~*~ (stealth).
 22958 | D:10     | 22958 ||| Stepping ~*~*~tactically~*~*~ (stealth).
 22964 | D:10     | 22964 ||| Stepping ~*~*~tactically~*~*~ (stealth).
 23030 | D:10     | Lost intelligence.
 23226 | D:10     | 23226 ||| FLEEEEING.
 23227 | D:10     | 23227 ||| FLEEEEING.
 23228 | D:10     | 23228 ||| FLEEEEING.
 23229 | D:10     | 23229 ||| FLEEEEING.
 23231 | D:10     | 23231 ||| FLEEEEING.
 23232 | D:10     | 23232 ||| FLEEEEING.
 23233 | D:10     | 23233 ||| FLEEEEING.
 23241 | D:10     | 23241 ||| FLEEEEING.
 23242 | D:10     | 23242 ||| INVOKING Berserk.
 23266 | D:10     | 23266 ||| FLEEEEING.
 23267 | D:10     | 23267 ||| FLEEEEING.
 23271 | D:10     | 23271 ||| FLEEEEING.
 23278 | D:10     | 23278 ||| FLEEEEING.
 23446 | D:10     | Identified the +1 scale mail "Dydaxac" {+Blink}
 23513 | D:10     | Found a sacrificial altar of Ru.
 23514 | D:10     | Found a hide-covered altar of Uskayaw.
 23610 | D:10     | 23610 ||| INVOKING Brothers in Arms.
 23611 | D:10     | 23611 ||| INVOKING Brothers in Arms.
 23612 | D:10     | 23612 ||| INVOKING Brothers in Arms.
 23613 | D:10     | 23613 ||| INVOKING Brothers in Arms.
 23639 | D:10     | 23639 ||| FLEEEEING.
 23688 | D:10     | 23688 ||| FLEEEEING.
 23689 | D:10     | 23689 ||| FLEEEEING.
 23690 | D:10     | 23690 ||| FLEEEEING.
 23691 | D:10     | 23691 ||| FLEEEEING.
 23692 | D:10     | 23692 ||| FLEEEEING.
 23693 | D:10     | 23693 ||| FLEEEEING.
 23701 | D:10     | 23701 ||| INVOKING Berserk.
 23713 | D:10     | 23713 ||| FLEEEEING.
 23714 | D:10     | 23714 ||| FLEEEEING.
 23937 | D:10     | 23937 ||| Stepping ~*~*~tactically~*~*~ (stealth).
 24038 | D:10     | 24038 ||| FLEEEEING.
 24039 | D:10     | 24039 ||| FLEEEEING.
 24040 | D:10     | 24040 ||| STAIRDANCE
 24160 | D:9      | 24160 ||| UPGRADING to +0 pair of boots.
 24165 | D:9      | 24165 ||| DROPPING ring of ice.
 24481 | D:11     | 24481 ||| Stepping ~*~*~tactically~*~*~ (stealth).
 24486 | D:11     | 24486 ||| Stepping ~*~*~tactically~*~*~ (stealth).
 24736 | D:11     | 24736 ||| INVOKING Berserk.
 25145 | D:11     | Found Fiatzoiwk's Jewellery Shop.
 25150 | D:11     | 25150 ||| BUYING +4 ring of slaying (858 gold).
 25150 | D:11     | Bought a +4 ring of slaying for 858 gold pieces
 25150 | D:11     | 25150 ||| BUYING amulet of reflection (330 gold).
 25150 | D:11     | Bought an amulet of reflection for 330 gold pieces
 25163 | D:11     | Found Jiwocvur's Antique Weapon Shoppe.
 25277 | D:11     | 25277 ||| PLANNING D
 25277 | D:11     | 25277 ||| UPGRADING to amulet of reflection.
 25282 | D:11     | 25282 ||| DROPPING +6 ring of strength.
 25283 | D:11     | 25283 ||| DROPPING ring of protection from cold.
 25296 | D:12     | 25296 ||| Stepping ~*~*~tactically~*~*~ (hiding).
 25297 | D:12     | Found a staircase to the Orcish Mines.
 25434 | D:12     | 25434 ||| INVOKING Brothers in Arms.
 25435 | D:12     | 25435 ||| INVOKING Brothers in Arms.
 25436 | D:12     | 25436 ||| INVOKING Brothers in Arms.
 25437 | D:12     | 25437 ||| INVOKING Brothers in Arms.
 25438 | D:12     | 25438 ||| SWAPPING to +0 morningstar.
 25439 | D:12     | 25439 ||| INVOKING Berserk.
 25449 | D:12     | 25449 ||| SWAPPING to +2 spectral war axe.
 25463 | D:12     | Reached skill level 15 in Armour
 25664 | D:12     | 25664 ||| INVOKING Berserk.
 25695 | D:12     | 25695 ||| Stepping ~*~*~tactically~*~*~ (stealth).
 25806 | D:12     | 25806 ||| INVOKING Berserk.
 25817 | D:12     | Reached skill level 18 in Fighting
 25879 | D:12     | 25879 ||| Stepping ~*~*~tactically~*~*~ (stealth).
 25901 | D:12     | 25901 ||| Stepping ~*~*~tactically~*~*~ (stealth).
 25911 | D:12     | 25911 ||| Stepping ~*~*~tactically~*~*~ (stealth).
 25933 | D:12     | 25933 ||| INVOKING Berserk.
 26030 | D:12     | Reached ***** piety under Trog
 26041 | D:12     | You fall into a shaft and drop 2 floors!
 26056 | D:14     | 26056 ||| INVOKING Brothers in Arms.
 26058 | D:14     | 26058 ||| INVOKING Berserk.
 26175 | D:14     | 26175 ||| Stepping ~*~*~tactically~*~*~ (hiding).
 26243 | D:14     | 26243 ||| UPGRADING to +0 crystal plate armour.
 26253 | D:14     | 26253 ||| UPGRADING to +0 pair of gloves.
 26258 | D:14     | 26258 ||| DROPPING +4 plate armour.
 26367 | D:12     | 26367 ||| Stepping ~*~*~tactically~*~*~ (stealth).
 26368 | D:12     | 26368 ||| Stepping ~*~*~tactically~*~*~ (stealth).
 26377 | D:12     | 26377 ||| INVOKING Berserk.
 26498 | D:12     | 26498 ||| Stepping ~*~*~tactically~*~*~ (stealth).
 26501 | D:12     | 26501 ||| Stepping ~*~*~tactically~*~*~ (hiding).
 26508 | D:12     | 26508 ||| INVOKING Berserk.
 26511 | D:12     | HP: 41/214 [??? (39)]
 26553 | D:12     | 26553 ||| FLEEEEING.
 26554 | D:12     | 26554 ||| FLEEEEING.
 26561 | D:12     | 26561 ||| STAIRDANCE
 26759 | D:12     | 26759 ||| SWAPPING to +4 broad axe of electrocution.
 26760 | D:12     | 26760 ||| DROPPING +2 spectral war axe.
 26809 | D:12     | 26809 ||| Stepping ~*~*~tactically~*~*~ (stealth).
 27035 | D:12     | 27035 ||| INVOKING Berserk.
 27047 | D:12     | Reached XP level 15. HP: 125/149 MP: 14/14
 27632 | D:13     | 27632 ||| FLEEEEING.
 27645 | D:13     | 27645 ||| DRINKING 2 potions of cancellation.
 27647 | D:13     | 27647 ||| FLEEEEING.
 27911 | D:13     | 27911 ||| FLEEEEING.
 27912 | D:13     | 27912 ||| FLEEEEING.
 27913 | D:13     | 27913 ||| FLEEEEING.
 27914 | D:13     | 27914 ||| FLEEEEING.
 27915 | D:13     | 27915 ||| FLEEEEING.
 27916 | D:13     | 27916 ||| FLEEEEING.
 27917 | D:13     | 27917 ||| FLEEEEING.
 27918 | D:13     | 27918 ||| FLEEEEING.
 27919 | D:13     | 27919 ||| FLEEEEING.
 27920 | D:13     | 27920 ||| FLEEEEING.
 27921 | D:13     | 27921 ||| FLEEEEING.
 27922 | D:13     | 27922 ||| FLEEEEING.
 27924 | D:13     | 27924 ||| FLEEEEING.
 27925 | D:13     | 27925 ||| FLEEEEING.
 27926 | D:13     | 27926 ||| FLEEEEING.
 27927 | D:13     | 27927 ||| FLEEEEING.
 27928 | D:13     | 27928 ||| FLEEEEING.
 27929 | D:13     | 27929 ||| FLEEEEING.
 27930 | D:13     | 27930 ||| FLEEEEING.
 27931 | D:13     | 27931 ||| FLEEEEING.
 27932 | D:13     | 27932 ||| FLEEEEING.
 27933 | D:13     | 27933 ||| FLEEEEING.
 27934 | D:13     | 27934 ||| FLEEEEING.
 27935 | D:13     | 27935 ||| FLEEEEING.
 27936 | D:13     | 27936 ||| FLEEEEING.
 27937 | D:13     | 27937 ||| FLEEEEING.
 27938 | D:13     | 27938 ||| FLEEEEING.
 27939 | D:13     | 27939 ||| FLEEEEING.
 27940 | D:13     | 27940 ||| FLEEEEING.
 27941 | D:13     | 27941 ||| FLEEEEING.
 27942 | D:13     | 27942 ||| FLEEEEING.
 27943 | D:13     | 27943 ||| FLEEEEING.
 27944 | D:13     | 27944 ||| FLEEEEING.
 27945 | D:13     | 27945 ||| FLEEEEING.
 27946 | D:13     | 27946 ||| FLEEEEING.
 27947 | D:13     | 27947 ||| FLEEEEING.
 27948 | D:13     | 27948 ||| FLEEEEING.
 27949 | D:13     | 27949 ||| FLEEEEING.
 27950 | D:13     | 27950 ||| FLEEEEING.
 27951 | D:13     | 27951 ||| FLEEEEING.
 27952 | D:13     | 27952 ||| FLEEEEING.
 27953 | D:13     | 27953 ||| FLEEEEING.
 27954 | D:13     | 27954 ||| FLEEEEING.
 27955 | D:13     | 27955 ||| FLEEEEING.
 27956 | D:13     | 27956 ||| FLEEEEING.
 28022 | D:13     | Identified the +1 pair of gloves of Wyppeuju {Rampage Str+3
                  | Dex+3}
 28089 | D:13     | 28089 ||| READING scroll of enchant armour.
 28089 | D:13     | 28089 ||| ENCHANTING +0 crystal plate armour.
 28436 | D:13     | Found a runed translucent door.
 28440 | D:13     | Noticed Kokhlaf's ghost (journeyman DECj)
 28443 | D:13     | 28443 ||| UPGRADING to +1 pair of gloves of Wyppeuju
                  | {Rampage Str+3 Dex+3}.
 28453 | D:13     | 28453 ||| DROPPING +0 pair of gloves.
 28454 | D:13     | 28454 ||| DRINKING 2 grey potions.
 28645 | D:14     | Found an opulent altar of Gozag.
 28657 | D:14     | 28657 ||| INVOKING Brothers in Arms.
 28658 | D:14     | 28658 ||| SWAPPING to +0 morningstar.
 28659 | D:14     | 28659 ||| INVOKING Berserk.
 28667 | D:14     | 28667 ||| SWAPPING to +4 broad axe of electrocution.
 28846 | D:14     | Found a gate to the Vaults.
 29152 | D:14     | 29152 ||| INVOKING Berserk.
 29180 | D:14     | Reached skill level 18 in Axes
 29396 | D:14     | 29396 ||| UPGRADING to +0 kite shield.
 29401 | D:14     | 29401 ||| UPGRADING to +2 tower shield of poison
                  | resistance.
 29411 | D:14     | 29411 ||| DROPPING +0 kite shield.
 29440 | D:15     | Entered Level 15 of the Dungeon
 29470 | D:15     | Noticed a tengu reaver
 29471 | D:15     | 29471 ||| Stepping ~*~*~tactically~*~*~ (hiding).
 29472 | D:15     | Found the +0 staff of Battle
 29473 | D:15     | 29473 ||| INVOKING Berserk.
 29485 | D:15     | Killed a tengu reaver
 29718 | D:15     | Identified the +4 chain mail of the Pink Corner {rC+ Str+2}
 29729 | D:15     | Reached skill level 3 in Shields
 29760 | D:15     | 29760 ||| INVOKING Trog's Hand.
 29763 | D:15     | 29763 ||| INVOKING Berserk.
 29790 | D:15     | Reached skill level 6 in Shields
 29807 | D:15     | 29807 ||| INVOKING Trog's Hand.
 29809 | D:15     | 29809 ||| INVOKING Brothers in Arms.
 29810 | D:15     | 29810 ||| INVOKING Brothers in Arms.
 29839 | D:15     | 29839 ||| INVOKING Berserk.
 29856 | D:15     | 29856 ||| Stepping ~*~*~tactically~*~*~ (stealth).
 29910 | D:15     | 29910 ||| Stepping ~*~*~tactically~*~*~ (stealth).
 30040 | D:15     | Found a runed translucent gate.
 30040 | D:15     | Found a runed translucent gate.
 30040 | D:15     | Found a runed translucent gate.
 30041 | D:15     | Noticed qw's ghost (adept GrFi)
 30089 | D:15     | Identified the +1 robe of Osaohit {rC+}
 30121 | D:15     | 30121 ||| READING 3 scrolls of enchant armour.
 30121 | D:15     | 30121 ||| ENCHANTING +1 crystal plate armour.
 30122 | D:15     | 30122 ||| READING 2 scrolls of enchant armour.
 30122 | D:15     | 30122 ||| ENCHANTING +2 crystal plate armour.
 30123 | D:15     | 30123 ||| READING scroll of enchant armour.
 30123 | D:15     | 30123 ||| ENCHANTING +3 crystal plate armour.
 30174 | D:15     | Identified the +6 rapier of Eternal Vigilance {spect, rCorr
                  | Int+3 Dex-4}
 30206 | D:15     | 30206 ||| Stepping ~*~*~tactically~*~*~ (hiding).
 30207 | D:15     | 30207 ||| Stepping ~*~*~tactically~*~*~ (hiding).
 30211 | D:15     | 30211 ||| Stepping ~*~*~tactically~*~*~ (hiding).
 30371 | D:15     | 30371 ||| READING scroll of enchant weapon.
 30371 | D:15     | 30371 ||| ENCHANTING +4 broad axe of electrocution.
 30451 | D:15     | 30451 ||| READING scroll of enchant armour.
 30451 | D:15     | 30451 ||| ENCHANTING +4 crystal plate armour.
 30515 | D:15     | Found a staircase to the Depths.
 30557 | D:15     | Noticed a frost giant
 30559 | D:15     | Found an iron altar of Okawaru.
 30702 | D:15     | 30702 ||| PLANNING ORC
 30702 | D:15     | 30702 ||| DROPPING amulet of magic regeneration.
 30703 | D:15     | 30703 ||| DROPPING +6 ring of dexterity.
 30768 | Orc:1    | Entered Level 1 of the Orcish Mines
 30845 | Orc:1    | 30845 ||| Stepping ~*~*~tactically~*~*~ (stealth).
 30846 | Orc:1    | 30846 ||| Stepping ~*~*~tactically~*~*~ (stealth).
 30850 | Orc:1    | Reached skill level 9 in Shields
 30995 | Orc:1    | Found Edwoihul's Jewellery Emporium.
 31012 | Orc:1    | 31012 ||| INVOKING Trog's Hand.
 31016 | Orc:1    | 31016 ||| INVOKING Berserk.
 31250 | Orc:2    | Entered Level 2 of the Orcish Mines
 31250 | Orc:2    | Found a staircase to the Elven Halls.
 31250 | Orc:2    | Found a radiant altar of Vehumet.
 31251 | Orc:2    | 31251 ||| PLANNING GAUNTLET
 31396 | Orc:2    | Found a gate leading to a gauntlet.
 31418 | Orc:2    | 31418 ||| INVOKING Berserk.
 31427 | Orc:2    | HP: 46/223 [orc priest/divine providence (14)]
 31434 | Orc:2    | HP: 22/223 [orc knight/+3 vorpal bardiche (26)]
 31436 | Orc:2    | Mangled by an orc knight

Levels and vault maps discovered:
D:1:      minmay_arrival_solitary_statue, layout_loops_ring
D:2:      minmay_angry_zag, layout_rooms, serial_shops,
          nicolae_shop_hallway_plus,
          dreamdust_ecumenical_altar_hidden_monk_grotto,
          minmay_misc_feat_ornament, hex_medium, minmay_domino_4
D:3:      minmay_door_path, layout_basic
D:4:      layout_cave_pools, mainiacjoe_overflow_six_doors_small,
          biasface_ghost_orc_armoury
D:5:      layout_basic, minmay_temple_entry_proselytizer,
          gammafunk_ghost_cemetery
D:6:      layout_cave_pools, uniq_duvessa
D:7:      layout_basic, serial_shops, nicolae_square_shop,
          minmay_misc_feat_secret_circle
D:8:      layout_rooms, lightli_corner_chamber
D:9:      layout_basic, erik_lair_dragon, nicolae_blasting_shop,
          minmay_misc_feat_pillars
D:10:     layout_roguey, chequers_temple_overflow_statue_of_worship,
          kennysheep_path_1, minivault_15, minmay_misc_feat_rows
D:11:     layout_roguey, serial_shops, kennysheep_mini_moat,
          minmay_shop_enchanted_jewellery
D:12:     minmay_the_grid_4x2 [minmay_the_grid_minigrid_small_alt,
          minmay_the_grid_stretched_grid, minmay_the_grid_expand,
          minmay_the_grid_spin_star, minmay_the_grid_rooms,
          minmay_the_grid_spikes, minmay_the_grid_small_cups,
          minmay_the_grid_prize_trominoes], layout_basic
D:13:     layout_loops_ring, ebering_ghost_inner_flame, minmay_starry_boxes
D:14:     layout_loops_ring, ximxim_vaults_locker_room, grunt_gozag_statues
D:15:     grunt_enter_depths_magical_seal, layout_irregular_city,
          gammafunk_ghost_fury_of_okawaru, nicolae_titane,
          hellmonk_guarded_unrand_staff_of_battle
Lair:1:   layout_gridlike, nicolae_lair_grove_arrangements, beast_lair_carwin_5,
          grunt_megastairs_2, serial_bayou_shore_b
Lair:2:   layout_loops_ring, minmay_snake_entry_guardpost_medium,
          serial_bayou_shore_a, grunt_megastairs_3
Lair:3:   layout_roguey, palyth_hydra_swamp_entry, grunt_megastairs_1
Lair:4:   gammafunk_boulding_lane, layout_cave_pods, dpeg_slime_entry_corner,
          roderic_carrion_pond, serial_bayou_shore_b
Lair:5:   evilmike_catoblepas_cave, layout_misc_corridors
Orc:1:    layout_caves, serial_shops, shop_statue
Orc:2:    st_orc_pillars, layout_diamond_mine, basic_altar,
          gauntlet_entry_generic

Skill      XL: |  1  2  3  4  5  6  7  8  9 10 11 12 13 14 15 |
---------------+----------------------------------------------+-----
Axes           | 4 5 6 8 9 10 12 13 16 18 | 18.0
Fighting       | 4 6 7 8 10 13 16 18 | 18.0
Armour         | 3 4 6 7 10 13 15 | 15.8
Throwing       | 2 11 | 11.4
Dodging        | 3 5 6 7 |  7.0
Shields        | 9 |  9.8

Action                   |  1- 3 |  4- 6 |  7- 9 | 10-12 | 13-15 || total
-------------------------+-------+-------+-------+-------+-------++-------
Melee: Hand axe          |    84 |   110 |   145 |       |       ||   339
       Headbutt          |    12 |    17 |    30 |    55 |   179 ||   293
       Punch             |     1 |     2 |     1 |     4 |    11 ||    19
       War axe           |       |       |    20 |   381 |   532 ||   933
       Morningstar       |       |       |       |     4 |    22 ||    26
       Broad axe         |       |       |       |       |   302 ||   302
Throw: Javelin           |       |       |    24 |    45 |     1 ||    70
       Boomerang         |       |       |       |    75 |   243 ||   318
Invok: Berserk           |     2 |     4 |    10 |    19 |    39 ||    74
       Brothers in Arms  |       |       |       |     2 |     7 ||     9
       Trog's Hand       |       |       |       |       |     3 ||     3
  Use: Scroll            |     9 |     8 |     6 |     6 |    10 ||    39
       Potion            |     1 |     3 |     1 |     3 |     8 ||    16
 Stab: Distracted        |       |       |       |       |     2 ||     2
Armor: Animal skin       |    12 |       |       |       |       ||    12
       Chain mail        |     2 |    28 |    65 |     8 |       ||   103
       Plate armour      |       |       |       |   147 |   394 ||   541
       Crystal plate arm |       |       |       |       |   157 ||   157
Dodge: Dodged            |    40 |    36 |    62 |    94 |   289 ||   521
Block: Other             |       |       |       |       |    54 ||    54
       Reflection        |       |       |       |       |     8 ||     8
       Tower shield      |       |       |       |       |   129 ||   129

Table legend:
 A = Non-vault XP
 B = Vault XP
 C = Vault XP percentage of total XP
 D = Non-vault monster count
 E = Vault monster count
 F = Vault count percentage of total count
                 A         B        C        D         E       F
            +---------+---------+-------+---------+---------+-------
      Total |   86305 |   55115 |  39.0 |     461 |     178 |  27.9
            +---------+---------+-------+---------+---------+-------
        D:1 |      22 |       0 |   0.0 |      14 |       0 |   0.0
        D:2 |      42 |      29 |  40.8 |      11 |      10 |  47.6
        D:3 |     148 |       4 |   2.6 |      28 |       2 |   6.7
        D:4 |     152 |       0 |   0.0 |      15 |       0 |   0.0
        D:5 |    1087 |      40 |   3.5 |      19 |       1 |   5.0
        D:6 |     681 |     227 |  25.0 |      16 |       2 |  11.1
        D:7 |     597 |       0 |   0.0 |      17 |       0 |   0.0
        D:8 |     663 |       0 |   0.0 |      15 |       0 |   0.0
        D:9 |    1636 |    1476 |  47.4 |      29 |       6 |  17.1
       D:10 |    3108 |       0 |   0.0 |      16 |       0 |   0.0
       D:11 |    3783 |       0 |   0.0 |      23 |       0 |   0.0
       D:12 |    3420 |   19690 |  85.2 |      11 |      40 |  78.4
       D:13 |    5362 |    2102 |  28.2 |      17 |       4 |  19.0
       D:14 |    4423 |    4234 |  48.9 |      12 |      11 |  47.8
       D:15 |   13890 |    5979 |  30.1 |      24 |      13 |  35.1
     Lair:1 |    3155 |    3502 |  52.6 |      16 |      17 |  51.5
     Lair:2 |    6656 |    1052 |  13.6 |      21 |       5 |  19.2
     Lair:3 |   10962 |    2216 |  16.8 |      51 |       5 |   8.9
     Lair:4 |    8737 |     507 |   5.5 |      31 |       6 |  16.2
     Lair:5 |   16102 |   10917 |  40.4 |      48 |      23 |  32.4
      Orc:1 |    1426 |       0 |   0.0 |      20 |       0 |   0.0
      Orc:2 |     253 |    3140 |  92.5 |       7 |      33 |  82.5
            +---------+---------+-------+---------+---------+-------
